 Dungeon Sprint DCSS version 0.28-a0-1518-gbe868bca14 (webtiles) character file.

Game seed: 2764118665389703722

357 mhtbhm the Protected (level 6, -3/61 HPs)
             Began as a Minotaur Fighter on Jan 16, 2022.
             Was an Initiate of Makhleb.
             Slain by a vampire (11 damage)
             ... in the Dungeon (Sprint IX: "|||||||||||||||||||||||||||||").
             The game lasted 00:01:07 (316 turns).

mhtbhm the Protected (Minotaur Fighter)              Turns: 316, Time: 00:01:07

Health: -3/61      AC: 17    Str: 23    XL:     6   Next: 37%
Magic:  4/8        EV:  7    Int: 11    God:    Makhleb [......]
Gold:   0          SH:  5    Dex:  9    Spells: 5/5 levels left

rFire   . . .      SeeInvis .   a - +0 flail
rCold   . . .      Faith    .   c - +0 buckler
rNeg    . . .      Spirit   .   b - +0 plate armour
rPois   .          Reflect  .   (helmet restricted)
rElec   .          Harm     .   n - +0 cloak
rCorr   .          Rampage  .   (no gloves)
Will    .....      NoTele   +   m - +0 pair of boots
Stlth   ..........              (no amulet)
HPRegen 0.20/turn               o - +3 ring of intelligence
MPRegen 0.11/turn               p - +3 ring of intelligence

@: mighty, invisible (expiring)
A: horns 2, retaliatory headbutt
a: Renounce Religion


You were in the Dungeon.
You worshipped Makhleb.
Makhleb was noncommittal.
You visited 1 branch

Inventory:

Hand Weapons
 a - a +0 flail (weapon)
Armour
 b - a +0 plate armour (worn)
 c - a +0 buckler (worn)
 m - a +0 pair of boots (worn)
 n - a +0 cloak (worn)
Jewellery
 o - a +3 ring of intelligence (left hand)
 p - a +3 ring of intelligence (right hand)
Wands
 l - a wand of iceblast (10)
Scrolls
 j - 2 scrolls of blinking
 k - 2 scrolls of amnesia
Potions
 e - 2 potions of curing
 g - a potion of haste
 h - 4 potions of magic


   Skills:
 + Level 8.0 Fighting
 + Level 7.3 Maces & Flails
 + Level 9.3 Armour
 + Level 3.3 Dodging
 + Level 7.5 Shields
 * Level 4.9 Invocations


You had 5 spell levels left.
You didn't know any spells.
Your spell library was empty.

Dungeon Overview and Level Annotations

Branches:
Dungeon (1/1)

Altars:
Cheibriados
Dithmenos
Elyvilon
Fedhas
Gozag
Hepliaklqana
Kikubaaqudgha
Makhleb
Nemelex Xobeh
Okawaru
Qazlal
Ru
Sif Muna
Trog
Uskayaw
Vehumet
Wu Jian
Xom
Yredelemnul
Zin
The Shining One
Beogh
Jiyva
Lugonu


Innate Abilities, Weirdness & Mutations

You have a pair of horns on your head.
You reflexively headbutt those who attack you in melee.


Message History

You bump into the unnaturally hard rock wall.
The vampire hits you! The vampire bites you.
* * * LOW HITPOINT WARNING * * *
The vampire draws strength from your injuries!
You're too confused to move!
The vampire hits you.
* * * LOW HITPOINT WARNING * * *
The vampire bites you but does no damage.
You bump into the unnaturally hard rock wall.
The vampire points at you and mumbles some strange words.
You are more confused.
Unknown command.
You feel better. The vampire hits you.
The vampire bites you but does no damage.
You closely miss the vampire.
The vampire casts a spell.
The vampire flickers and vanishes!
Deactivating autopickup; reactivate with Ctrl-A.
You closely miss something. Your headbutt misses something.
The acid dragon spits acid at you.
The splash of acid hits something!
Something hits you but does no damage. Something bites you but does no damage.
You closely miss something. Something hits you but does no damage.
Something bites you but does no damage.
You barely miss something. Your headbutt misses something.
Something hits you but does no damage. Something bites you.
* * * LOW HITPOINT WARNING * * *
Something draws strength from your injuries!
You closely miss something. Something hits you.
* * * LOW HITPOINT WARNING * * *
You block something's attack. Something hits you.
* * * LOW HITPOINT WARNING * * *
Something bites you but does no damage. The acid dragon spits acid at you.
The splash of acid hits something!
You hit something but do no damage.
You flicker for a moment.
Something hits you.
* * * LOW HITPOINT WARNING * * *
Something bites you!
You die...

▓.▓
▓)▓
▓.▓
▓.▓
▓.▓
▓[▓
▓.▓
▓.▓
▓@▓
▓{▓
▓Z▓
▓{▓
▓D▓
▓.▓
▓.▓
▓+▓


You could see an acid dragon (catching breath) and a bat zombie.

Vanquished Creatures
  A troll (D)
  A centaur (D)
  A gnoll shaman (D)
  An adder (D)
  A gnoll (D)
  An ufetubus (D)
  An orc (D)
  A ball python (D)
  A goblin (D)
  A quokka (D)
  2 bats (D)
12 creatures vanquished.

Notes
Turn   | Place    | Note
-------+----------+-------------------------------------------
     0 | D        | mhtbhm the Minotaur Fighter began the quest for the Orb.
     0 | D        | Reached XP level 1. HP: 19/19 MP: 0/0
     6 | D        | Reached skill level 4 in Armour
     6 | D        | Reached XP level 2. HP: 28/28 MP: 1/1
     8 | D        | Reached skill level 5 in Armour
    38 | D        | Reached skill level 5 in Fighting
    38 | D        | Reached skill level 6 in Armour
    38 | D        | Reached skill level 1 in Dodging
    38 | D        | Reached skill level 5 in Shields
    38 | D        | Reached XP level 3. HP: 30/36 MP: 2/2
   195 | D        | Found a snail-covered altar of Cheibriados.
   195 | D        | Found a shadowy altar of Dithmenos.
   195 | D        | Found a white marble altar of Elyvilon.
   195 | D        | Found a blossoming altar of Fedhas.
   195 | D        | Found an opulent altar of Gozag.
   196 | D        | Found a hazy altar of Hepliaklqana.
   197 | D        | Found a viscous altar of Jiyva.
   198 | D        | Found an ancient bone altar of Kikubaaqudgha.
   199 | D        | Found a corrupted altar of Lugonu.
   200 | D        | Found a burning altar of Makhleb.
   201 | D        | Found a sparkling altar of Nemelex Xobeh.
   202 | D        | Found an iron altar of Okawaru.
   203 | D        | Found a stormy altar of Qazlal.
   204 | D        | Found a sacrificial altar of Ru.
   205 | D        | Found a shimmering blue altar of Sif Muna.
   206 | D        | Found a bloodstained altar of Trog.
   207 | D        | Found a hide-covered altar of Uskayaw.
   208 | D        | Found a radiant altar of Vehumet.
   209 | D        | Found an ornate altar of the Wu Jian Council.
   210 | D        | Found a shimmering altar of Xom.
   226 | D        | Became a worshipper of Makhleb the Destroyer
   230 | D        | Found a basalt altar of Yredelemnul.
   231 | D        | Found a glowing silver altar of Zin.
   232 | D        | Found a glowing golden altar of the Shining One.
   288 | D        | Noticed a centaur
   288 | D        | Noticed a troll
   288 | D        | Noticed a vampire
   288 | D        | Noticed an acid dragon
   294 | D        | Killed a centaur
   295 | D        | Reached skill level 5 in Maces & Flails
   295 | D        | Reached skill level 7 in Armour
   295 | D        | Reached XP level 4. HP: 17/45 MP: 2/5
   295 | D        | Reached XP level 5. HP: 19/51 MP: 2/6
   301 | D        | Killed a troll
   302 | D        | Reached skill level 9 in Armour
   302 | D        | Reached XP level 6. HP: 10/61 MP: 2/8
   316 | D        | Slain by a vampire

Illustrated notes

Levels and vault maps discovered:
D:        linesprint [early_d, line_temple, items_1, d_10, items_2, lair_1,
          lair_end, items_3, orc_1, orc_end, items_4, d_15, swamp_1, shoals_1,
          snake_1, spider_1, d_20, vaults_1, items_5, swamp_end, shoals_end,
          snake_end, spider_end, vaults_end, d_27, items_6, zot_1, zot_end,
          crypt_end, forest_end, elf_end, slime_end, tomb_end, abyss_end,
          pan_hell_end]

Skill      XL: |  1  2  3  4  5 |
---------------+----------------+-----
Fighting       | 4 5 6 8 |  8.0
Armour         | 4 6 7 9 |  9.3
Shields        | 4 5 6 7 |  7.5
Maces & Flails | 3 5 7 |  7.3
Dodging        | 1 2 3 |  3.3
Invocations    | 2 4 |  4.9

Action                   |  1- 3 |  4- 6 || total
-------------------------+-------+-------++-------
Melee: Flail             |    26 |    12 ||    38
       Headbutt          |     3 |     2 ||     5
  Use: Potion            |     4 |     5 ||     9
Armor: Scale mail        |    12 |       ||    12
       Plate armour      |     6 |    16 ||    22
Dodge: Dodged            |    22 |     4 ||    26
Block: Buckler           |     8 |     7 ||    15

Table legend: (Time is in decaauts)
 A = Elapsed time spent in this place.
 B = Non-inter-level travel time spent in this place.
 C = Inter-level travel time spent in this place.
 D = Time resting spent in this place.
 E = Time spent auto-exploring this place.
 F = Levels seen in this place.
 G = Mean time per level.
                   A        B        C        D        E       F      G
               +--------+--------+--------+--------+--------+-----+--------+
         Total |    330 |    330 |      0 |    159 |      0 |   1 |  330.0 |
       Dungeon |    330 |    330 |      0 |    159 |      0 |   1 |  330.0 |
               +--------+--------+--------+--------+--------+-----+--------+

Top non-repeatable levels by time:
       D: 330 daAuts
